AoeStats
← Chasixx

Arabia

509818352Analyzed
1v1 RM · 2d ago on Sep 28, 2026· 48m 8s· 2 players
Game mode
Random Map
Map size
Tiny (2 player)
Population
200
Speed
Normal
Resources
Standard
Victory
Conquest
Starting age
Dark Age
Ending age
Imperial Age
RankedLock teamsTeams togetherTeam positionsShared explorationLock speedFull tech treeHidden civsTurbo modeCheats
Victory
Defeat
🇳🇱 Spanish · Netherlands
558
+12
🇲🇽 Varangians · Mexico
471
-12
meximanu
12:05 Loom
13:50 Feudal Age
18:48 Castle Age
23:16 Scale Barding Armor
28:01 Crossbowman
30:09 Fletching
31:27 Padded Archer Armor
36:50 Double-Bit Axe
42:56 Bloodlines
43:04 Husbandry
45:23 Forging
46:29 Bodkin Arrow
47:30 Iron Casting
Chasixx
6:18 Loom
10:48 Feudal Age
12:30 Wheelbarrow
11:56 Double-Bit Axe
12:34 Horse Collar
15:19 Town Watch
16:52 Man-at-Arms
21:12 Castle Age
20:19 Forging
21:31 Scale Mail Armor
22:49 Squires
23:56 Hand Cart
23:40 Pikeman
26:32 Long Swordsman
26:58 Gambesons
30:26 Husbandry
30:41 Fletching
31:27 Iron Casting
33:40 Heavy Plow
38:10 Imperial Age
36:14 Elite Skirmisher
36:53 Bodkin Arrow
36:58 Padded Archer Armor
37:23 Town Patrol
38:07 Bow Saw
39:06 Thumb Ring
40:37 Conscription
41:37 Bracer
41:49 Elite Conquistador
46:10 Two-Man Saw
45:45 Ballistics
46:41 Scale Barding Armor
47:37 Blast Furnace
Connection lost

Rejoining the realm…

Still unreachable

The connection could not be restored.

Session expired

The server has moved on; the page needs a fresh start.